 Dungeon Crawl Stone Soup version 0.26-a0-520-g952f204493 (webtiles) character file.

Game seed: 8308915781368144889

44 ANON1729 the Poker (level 3, -8/28 HPs)
             Began as a Merfolk Gladiator on Aug 12, 2020.
             Mangled by a gnoll
             ... wielding a +0 halberd
              (14 damage)
             ... on level 2 of the Dungeon.
             The game lasted 00:01:14 (1140 turns).

ANON1729 the Poker (Merfolk Gladiator)              Turns: 1140, Time: 00:01:14

Health: -8/28      AC:  6    Str: 15    XL:     3   Next: 62%
Magic:  3/3        EV: 14    Int:  7    God:
Gold:   122        SH:  0    Dex: 15    Spells: 2/2 levels left

rFire    . . .     SeeInvis .   a - +0 trident
rCold    . . .     Faith    .   (no shield)
rNeg     + . .     Spirit   .   m - +2 leather armour {rN+}
rPois    .         Reflect  .   c - +0 helmet
rElec    .         Harm     .   (no cloak)
rCorr    .                      (no gloves)
MR       .....                  (no boots)
Stlth    +.........             (no amulet)
HPRegen  0.09/turn              (no ring)
MPRegen  0.08/turn              (no ring)

@: no status effects
A: change form in water, swift swim, stealthy swim
a: no special abilities


You were on level 2 of the Dungeon.
You visited 1 branch of the dungeon, and saw 2 of its levels.

You collected 122 gold pieces.

Inventory:

Hand Weapons
 a - a +0 trident (weapon)
 l - a +1 dagger of speed
Missiles
 d - 3 throwing nets (quivered)
Armour
 c - a +0 helmet (worn)
 m - a +2 leather armour of positive energy (worn)
Scrolls
 b - a scroll of enchant armour {unknown}
 e - 2 scrolls of remove curse {unknown}
 f - 2 scrolls of amnesia {unknown}
 h - a scroll of fear {unknown}
 j - 4 scrolls of identify {unknown}
 n - a scroll of magic mapping {unknown}
Potions
 g - a potion of berserk rage {unknown}
 i - 2 potions of might {unknown}
 k - 2 potions of heal wounds {unknown}
 o - 2 potions of haste {unknown}


   Skills:
 + Level 2.6 Fighting
 * Level 5.4 Polearms
 + Level 2.4 Throwing
 + Level 4.4 Dodging


You had 2 spell levels left.
You didn't know any spells.
Your spell library was empty.

Dungeon Overview and Level Annotations

Branches:
Dungeon (2/15)

Altars:
The Shining One


Message History

The gnoll throws a throwing net.
The throwing net hits you.
You become entangled in the net!
You see here a throwing net.
You struggle against the net.
You struggle against the net.
The quokka twitches its whiskers.
The gnoll hits you from afar with a +0 halberd!
You struggle against the net.
The gnoll hits you but does no damage.
You tear a large gash into the net.
The gnoll hits you from afar with a +0 halberd.
The gnoll hits you but does no damage.
You rip the net and break free!
The gnoll hits you from afar with a +0 halberd!
* * * LOW HITPOINT WARNING * * *
The gnoll completely misses you.
The gnoll hits you from afar with a +0 spear.
* * * LOW HITPOINT WARNING * * *
The gnoll hits you from afar with a +0 halberd!
Ouch! That really hurt!
You die...

#< # ..##.....# ##.##
#.# #.#.....# ...# #.#
#......## #..#
##.###.####.# #..#
#...†.## #.# #rg#
#..#.## #.# ######gg#
#..#.######.
........####...........
.#####..@.......#######
#######.#### #.# #.#
#.# #.# #.# #.# #.#


You could see 3 gnolls and a quokka.

Vanquished Creatures
  2 adders (D:2)
  2 giant cockroaches
  2 goblins (D:1)
  3 hobgoblins
  4 jackals (D:1)
  A ball python (D:2)
  4 bats
  2 kobolds (D:2)
  7 rats
27 creatures vanquished.

Notes
Turn   | Place    | Note
-------+----------+-------------------------------------------
     0 | D:1      | ANON1729 the Merfolk Gladiator began the quest for the Orb.
     0 | D:1      | Reached XP level 1. HP: 16/16 MP: 1/1
   302 | D:1      | Reached XP level 2. HP: 23/23 MP: 2/2
   542 | D:2      | Reached skill level 5 in Polearms
   552 | D:2      | Found a glowing golden altar of the Shining One.
   581 | D:2      | Reached XP level 3. HP: 10/28 MP: 3/3
  1140 | D:2      | Mangled by a gnoll

Illustrated notes

Levels and vault maps discovered:
D:1:      saegor_arrival_simple_a, layout_loops_ring
D:2:      layout_loops_ring, tso_metal_star

Skill      XL: |  1  2 |
---------------+-------+-----
Polearms       | 5 |  5.4
Fighting       | |  2.6
Throwing       | |  2.4
Dodging        | |  4.4

Action                   || total
-------------------------++-------
Melee: Trident           ||    71
 Stab: Sleeping          ||     4
Armor: Leather armour    ||    14
Dodge: Dodged            ||    56

Table legend: (Time is in decaauts)
 A = Elapsed time spent in this place.
 B = Non-inter-level travel time spent in this place.
 C = Inter-level travel time spent in this place.
 D = Time resting spent in this place.
 E = Time spent auto-exploring this place.
 F = Levels seen in this place.
 G = Mean time per level.
                   A        B        C        D        E       F      G
               +--------+--------+--------+--------+--------+-----+--------+
         Total |   1142 |   1125 |     17 |    360 |    601 |   2 |  571.0 |
       Dungeon |   1142 |   1125 |     17 |    360 |    601 |   2 |  571.0 |
               +--------+--------+--------+--------+--------+-----+--------+

Top non-repeatable levels by time:
     D:2: 603 daAuts
     D:1: 539 daAuts
